 Dungeon Crawl Stone Soup version 0.24.0-125-gc4c63601f3 (webtiles) character file.

Game seed: 1411926198326538909, levelgen mode: deterministic

963 Frank2 the Cudgeler (level 7, -1/54 HPs)
             Began as a Demonspawn Gladiator on Feb 29, 2020.
             Slain by an iguana (5 damage)
             ... on level 4 of the Dungeon.
             The game lasted 00:08:10 (4530 turns).

Frank2 the Cudgeler (Demonspawn Gladiator)          Turns: 4530, Time: 00:08:11

Health: -1/54      AC:  4    Str: 14    XL:     7   Next: 92%
Magic:  8/8        EV: 14    Int:  9    God:
Gold:   181        SH:  0    Dex: 17    Spells: 6/6 levels left

rFire    . . .     SeeInvis .   a - +0 flail
rCold    . . .     Gourm    .   (no shield)
rNeg     . . .     Faith    .   b - +0 leather armour
rPois    .         Spirit   .   (helmet restricted)
rElec    .         Reflect  .   h - +0 cloak
rCorr    .         Harm     .   (no gloves)
MR       .....                  (no boots)
Stlth    +.........             l - amulet of rage
HPRegen  0.18/turn              (no ring)
MPRegen  0.11/turn              (no ring)

@: no status effects
A: antennae 2, rot immunity
a: Evoke Berserk Rage


You were on level 4 of the Dungeon.
You were not hungry.

You visited 1 branch of the dungeon, and saw 4 of its levels.

You collected 181 gold pieces.

Inventory:

Hand Weapons
 a - a +0 flail (weapon)
Armour
 b - a +0 leather armour (worn)
 c - a +0 helmet
 h - a +0 cloak (worn)
Jewellery
 i - an uncursed amulet of faith {unknown}
 l - an amulet of rage (around neck)
 m - a +3 ring of evasion {unknown}
Wands
 g - a wand of disintegration (11)
Scrolls
 e - 6 scrolls of teleportation
 j - 3 scrolls of identify
 k - a scroll of random uselessness {unknown}
 n - a scroll of enchant weapon {unknown}
Comestibles
 f - 4 rations


   Skills:
 + Level 4.1 Fighting
 + Level 6.3 Maces & Flails
 - Level 1.7 Throwing
 + Level 3.0 Armour
 + Level 4.1 Dodging
 * Level 2.0 Evocations


You had 6 spell levels left.
You didn't know any spells.
Your spell library was empty.

Dungeon Overview and Level Annotations

Branches:
Dungeon (4/15)
 Temple: D:4-7

Altars:
Uskayaw
Vehumet


Innate Abilities, Weirdness & Mutations

You have a pair of antennae on your head.
You are immune to rotting.


Message History

The iguana is moderately wounded.
The iguana bites you.
* * * LOW HITPOINT WARNING * * *
You hit the iguana.
The iguana is moderately wounded.
The iguana misses you.
You barely miss the iguana.
The iguana is moderately wounded.
The iguana bites you but does no damage.
You closely miss the iguana.
The iguana is moderately wounded.
The iguana completely misses you.
You hit the iguana.
The iguana is heavily wounded.
The iguana bites you!
* * * LOW HITPOINT WARNING * * *
You hit the iguana but do no damage.
The iguana is heavily wounded.
The iguana bites you.
You die...

#.#######.#######...####### # #
#.# #.#................ .#. #.#
#.#.#..###..###### #.# ##.#
#.#...##.##...# #.# ##.# #.#...#
..#.#.## ##.# ##.#
#.#...##)##....## ##... ##.#
#.#....#r#####..####.... ##.#
#..#####l# ##......... .#.#
####.##...@# {#..#####.#
...####....#.....# #..# #.#
........##.#.....### ##.######.#
...........#.....'.####....†.....
....######.##...##......#######.#
...## ##.#####...#.#.# #.# #.##
######..)..#.##.#.# #.# ..#
#........#.#.##.#.# ##.# ###
#.#####.##.#.##.#.######...


You could see an iguana and a quokka.

Vanquished Creatures
  Grinder (D:4)
  Sigmund (D:2)
  Eustachio (D:3)
  Menkaure (D:4)
  An orc priest (D:3)
  Natasha (thrice) (D:4)
  2 orc wizards
  2 worker ants (D:4)
  Robin (D:2)
  2 adders
  2 worms (D:2)
  2 dart slugs
  3 leopard geckos
  8 orcs
  8 giant cockroaches
  17 goblins
  12 hobgoblins
  17 jackals
  A quokka (D:2)
  2 ball pythons (D:2)
  7 bats
  5 frilled lizards
  5 kobolds
  14 rats
118 creatures vanquished.

Notes
Turn   | Place    | Note
-------+----------+-------------------------------------------
     0 | D:1      | Frank2 the Demonspawn Gladiator began the quest for the
                  | Orb.
     0 | D:1      | Reached XP level 1. HP: 16/16 MP: 1/1
   115 | D:1      | Reached skill level 3 in Maces & Flails
   171 | D:1      | Gained mutation: You have a pair of small antennae on your
                  | head. [demonic ancestry]
   171 | D:1      | Reached XP level 2. HP: 21/22 MP: 2/2
   560 | D:1      | Reached XP level 3. HP: 21/27 MP: 3/3
   722 | D:2      | Noticed Robin
  1069 | D:2      | Killed Robin
  1069 | D:2      | Reached skill level 1 in Armour
  1113 | D:2      | Gained mutation: You have a pair of antennae on your head.
                  | [demonic ancestry]
  1113 | D:2      | Reached XP level 4. HP: 21/33 MP: 4/4
  1716 | D:2      | Found a hide-covered altar of Uskayaw.
  1820 | D:2      | Noticed Sigmund
  1944 | D:2      | Killed Sigmund
  1944 | D:2      | Reached skill level 4 in Maces & Flails
  1944 | D:2      | Reached XP level 5. HP: 29/41 MP: 5/5
  2237 | D:3      | Found a faded altar of an unknown god.
  2307 | D:3      | Gained mutation: You are immune to rotting. [demonic
                  | ancestry]
  2307 | D:3      | Reached XP level 6. HP: 40/47 MP: 6/6
  2855 | D:3      | Found a radiant altar of Vehumet.
  3063 | D:4      | Noticed Eustachio
  3483 | D:3      | Killed Eustachio
  3483 | D:3      | Reached skill level 5 in Maces & Flails
  3659 | D:4      | Reached XP level 7. HP: 46/52 MP: 7/7
  3728 | D:4      | Noticed Grinder
  3729 | D:4      | Paralysed by Grinder for 2 turns
  3737 | D:4      | Paralysed by Grinder for 4 turns
  3752 | D:4      | Killed Grinder
  3752 | D:4      | Reached skill level 1 in Evocations
  3787 | D:4      | Noticed Menkaure
  3813 | D:4      | Noticed Natasha
  3820 | D:4      | Killed Natasha
  4115 | D:4      | Noticed Natasha
  4132 | D:4      | Killed Natasha
  4132 | D:4      | Reached skill level 6 in Maces & Flails
  4269 | D:4      | Killed Menkaure
  4457 | D:4      | Noticed Natasha
  4463 | D:4      | Killed Natasha
  4530 | D:4      | Slain by an iguana

Levels and vault maps discovered:
D:1:      mrwooster_arrival_statue_2, layout_loops_cross, nrook_uturn,
          st_stairs_11, dk_noncrumbling_3, minmay_domino_2
D:2:      layout_basic, marbit_many_paths, uniq_robin, uniq_sigmund
D:3:      layout_rooms, overflow_temple_1_default,
          chequers_ecumenical_altar_simple_redux
D:4:      minmay_diamond_boxcup, layout_loops_ring, kennysheep_mini_moat,
          minmay_joined_circles, uniq_natasha, uniq_pikel, uniq_menkaure,
          uniq_eustachio, uniq_grinder

Skill      XL: |  1  2  3  4  5  6  7 |
---------------+----------------------+-----
Maces & Flails | 3 4 5 6 |  6.3
Dodging        | 3 4 |  4.1
Armour         | 1 2 3 |  3.0
Fighting       | 3 4 |  4.1
Evocations     | 2 |  2.0
Throwing       | |  1.7

Action                   |  1- 3 |  4- 6 |  7- 9 || total
-------------------------+-------+-------+-------++-------
Melee: Flail             |   155 |   223 |    65 ||   443
Throw: Throwing net      |       |     4 |     2 ||     6
Evoke: Wand              |       |       |     3 ||     3
  Use: Potion            |     3 |     1 |       ||     4
       Scroll            |     3 |     3 |     1 ||     7
 Stab: Sleeping          |     1 |       |       ||     1
       Invisible         |     1 |       |       ||     1
       Held in net/web   |       |       |     2 ||     2
  Eat: Chunk             |     1 |     8 |     3 ||    12
Armor: Leather armour    |    48 |    65 |     7 ||   120
       Skin              |       |    10 |       ||    10
Dodge: Dodged            |   131 |   234 |    43 ||   408
